Map: Ever Dream LE

Players

Stats - Winner!

  • Race: Protoss Protoss
  • League: Grandmaster
  • Spawn Location: 1:00

Trap

  • Race: Protoss Protoss
  • League: Master
  • Spawn Location: 7:00

Event: DreamHack SC2 Masters 2020 Fall

VOD

Have the link to the VOD?

Description

Time

  • Played on: Sept. 19, 2020, 10:32 a.m.
  • Length: 10:30

All games in this series

Show
View Real Time Build Order
Export as new Build Order

Stats Protoss - Winner!

Build Orders: 1 Gate Expand 

Get SALT Encoding   

  12  0:00  Probe  
  13  0:12  Probe  
  14  0:17  Pylon  
  14  0:24  Probe (Chrono Boost)  
  15  0:36  Gateway, Probe (Chrono Boost)  
  16  0:45  Probe (Chrono Boost)  
  16  0:46  Assimilator  
  17  0:51  Probe  
  18  1:03  Probe  
  19  1:15  Probe  
  20  1:22  Nexus  
  20  1:32  Pylon  
  20  1:38  Cybernetics Core  
  20  1:41  Probe  
  21  1:48  Assimilator  
  21  1:53  Probe  
  21  2:05  Probe  
  21  2:06  Pylon  
  22  2:12  Warp Gate (Chrono Boost), Stalker (Chrono Boost)  
  24  2:17  Probe  
  24  2:22  Pylon  
  25  2:32  Probe  
  25  2:34  Stalker (Chrono Boost)  
  25  2:36  Probe  
  29  2:44  Probe  
  29  2:48  Probe  
  31  2:52  Gateway  
  31  2:59  Probe  
  31  3:00  Probe  
  33  3:11  Sentry, Probe  
  33  3:12  Probe  
  36  3:16  Shield Battery  
  36  3:23  Probe  
  36  3:24  Probe  
  36  3:26  Shield Battery  
  38  3:35  Pylon, Probe  
  38  3:36  Probe  
  40  3:47  Probe (Chrono Boost)  
  41  3:49  Twilight Council  
  41  3:50  Probe (Chrono Boost)  
  41  3:53  Adept  
  41  3:54  Adept  
  46  3:59  Probe (Chrono Boost)  
  48  4:06  Probe (Chrono Boost)  
  48  4:08  Probe (Chrono Boost)  
  49  4:12  Probe  
  49  4:15  Forge  
  50  4:23  Stalker  
  52  4:24  Sentry  
  49  4:32  Probe x2  
  49  4:36  Robotics Facility  
  47  4:44  Probe x2  
  49  4:47  Stalker x2  
  52  4:58  Shield Battery  
  52  4:59  Probe x2  
  53  5:07  Pylon  
  53  5:10  Gateway  
  53  5:11  Adept x2, Gateway  
  55  5:15  Probe x2  
  55  5:20  Assimilator  
  55  5:21  Blink  
  55  5:29  Immortal (Chrono Boost)  
  55  5:35  Pylon  
  59  5:44  Pylon  
  59  5:50  Stalker  
  59  5:51  Stalker  
  59  6:07  Adept x2  
  63  6:14  Adept x2  
  63  6:15  Protoss Ground Weapons Level 1 (Chrono Boost), Probe  
  63  6:16  Probe  
  63  6:26  Immortal (Chrono Boost)  
  63  6:28  Assimilator, Probe x2  
  63  6:30  Pylon  
  69  6:38  Stalker x2  
  73  6:48  Nexus  
  73  6:50  Pylon  
  73  6:58  Observer (Chrono Boost)  
  73  7:01  Pylon  
  74  7:10  Stalker  
  74  7:11  Stalker x3  
  80  7:25  Shield Battery  
  78  7:31  Shield Battery  
  78  7:32  Shield Battery  
  78  7:34  Photon Cannon  
  78  7:35  Stalker x4  
  84  7:50  Immortal  
  80  8:04  Stalker x3  
  82  8:07  Pylon  
  72  8:25  Gateway  
  72  8:27  Gateway, Stalker x3  
  72  8:33  Warp Prism (Chrono Boost)  
  78  8:38  Probe x2  
  82  8:46  Templar Archives  
  82  8:57  Stalker x3  
  88  9:05  Observer  
  88  9:14  Pylon  
  88  9:16  Pylon  
  88  9:28  Stalker x3  
  88  9:29  Stalker  
  88  9:30  Stalker  
  97  9:35  Pylon  
  97  9:55  Sentry x3, Stalker  
  105  10:00  Stalker  
Show
View Real Time Build Order
Export as new Build Order

Trap Protoss 

Build Orders:  

Get SALT Encoding   

  12  0:00  Probe  
  13  0:12  Probe  
  14  0:20  Pylon  
  14  0:24  Probe  
  15  0:38  Gateway, Probe (Chrono Boost)  
  16  0:48  Assimilator, Probe (Chrono Boost)  
  17  0:53  Probe (Chrono Boost)  
  18  1:05  Probe  
  19  1:17  Probe  
  20  1:21  Pylon  
  20  1:29  Probe  
  21  1:35  Zealot  
  21  1:36  Cybernetics Core  
  23  1:41  Probe  
  23  1:43  Assimilator  
  24  1:53  Probe  
  25  1:59  Pylon  
  25  2:05  Probe  
  26  2:10  Adept (Chrono Boost)  
  26  2:14  Warp Gate  
  28  2:17  Probe  
  28  2:19  Robotics Facility  
  29  2:33  Adept  
  30  2:47  Nexus  
  30  2:49  Probe  
  31  3:01  Probe  
  31  3:03  Stalker  
  32  3:12  Warp Prism (Chrono Boost)  
  32  3:19  Probe  
  35  3:31  Pylon  
  35  3:32  Probe  
  36  3:47  Immortal (Chrono Boost), Probe  
  41  3:59  Probe (Chrono Boost)  
  41  4:01  Adept  
  45  4:05  Probe (Chrono Boost)  
  45  4:09  Probe (Chrono Boost)  
  46  4:13  Gateway, Probe x2 (Chrono Boost)  
  48  4:23  Probe  
  48  4:25  Probe  
  48  4:27  Immortal (Chrono Boost)  
  52  4:35  Probe  
  53  4:42  Probe  
  53  4:43  Pylon  
  53  4:44  Pylon  
  52  4:52  Probe  
  53  4:54  Probe  
  53  4:55  Adept  
  53  4:59  Gateway  
  54  5:01  Immortal (Chrono Boost)  
  58  5:08  Adept  
  58  5:09  Probe  
  58  5:11  Probe  
  62  5:17  Twilight Council  
  62  5:24  Gateway  
  62  5:27  Pylon  
  62  5:30  Sentry x2  
  62  5:33  Observer  
  62  5:34  Probe  
  62  5:35  Probe  
  69  5:52  Probe x2  
  69  5:58  Stalker x3  
  73  6:06  Immortal (Chrono Boost)  
  73  6:10  Resonating Glaives (Chrono Boost)  
  73  6:17  Assimilator  
  65  6:26  Gateway  
  65  6:28  Gateway  
  65  6:29  Gateway  
  65  6:32  Gateway  
  65  6:35  Adept x3  
  71  6:41  Immortal (Chrono Boost)  
  71  6:43  Adept  
  71  6:46  Pylon  
  77  6:48  Pylon  
  77  6:56  Adept x3  
  77  6:59  Pylon  
  83  7:04  Adept  
  85  7:16  Adept x2  
  85  7:27  Adept x6  
  95  7:36  Pylon  
  87  7:48  Adept x6  
  69  8:15  Immortal (Chrono Boost)  
  59  8:20  Probe x2  
  59  8:22  Assimilator  
  61  8:29  Adept x7  
  77  8:46  Warp Prism (Chrono Boost)  
  77  8:54  Robotics Bay  
  77  8:58  Adept x2  
  77  9:00  Adept  
  83  9:12  Immortal (Chrono Boost)  
  79  9:31  Nexus  
  79  9:41  Observer (Chrono Boost)  
  79  9:43  Robotics Facility  
  74  9:54  Stalker x3  
  83  10:08  Shield Battery  
  83  10:09  Shield Battery  

Tags
 
Add a new tag
Caveats
  • Supply blocks, unpowered buildings, or Contaminate may cause inaccurate times.
  • Supply counts are checked every 10 seconds.